 Dungeon Crawl Stone Soup version 0.21.1-1-g345015f (webtiles) character file.

305 Labyrinth the Shield-Bearer (level 6, 0/53 HPs)
             Began as a Minotaur Fighter on July 26, 2018.
             Slain by an iguana (11 damage)
             ... on level 4 of the Dungeon.
             The game lasted 00:12:01 (3302 turns).

Labyrinth the Shield-Bearer (Minotaur Fighter)      Turns: 3302, Time: 00:12:02

Health: 0/53       AC:  8    Str: 22    XL:     6   Next: 15%
Magic:  5/5        EV:  8    Int:  5    God:
Gold:   203        SH: 10    Dex: 10    Spells: 5/5 levels left

rFire    . . .     SeeInvis .   a - +1 trident
rCold    . . .     Gourm    .   c - +0 shield
rNeg     . . .     Faith    .   b - +0 scale mail
rPois    .         Spirit   .   (helmet restricted)
rElec    .         Reflect  .   q - +0 cloak
rCorr    .         Harm     .   (no gloves)
MR       .....                  (no boots)
Stlth    ..........             w - amulet of magic regeneration
HPRegen  0.17/turn              (no ring)
MPRegen  0.34/turn              (no ring)

@: no status effects
A: retaliatory headbutt, horns 2
a: no special abilities


You were on level 4 of the Dungeon.
You were not hungry.

You visited 1 branch of the dungeon, and saw 4 of its levels.

You collected 203 gold pieces.

Inventory:

Hand Weapons
 a - a +1 trident (weapon)
 h - a +0 hand axe
 j - a +0 whip of electrocution
 p - a +2 quarterstaff of chaos
 r - a +0 mace
Missiles
 e - 110 stones (quivered)
 s - 17 bolts
 t - 33 sling bullets
 u - 29 poisoned needles
 x - 41 arrows
Armour
 b - a +0 scale mail (worn)
 c - a +0 shield (worn)
 q - a +0 cloak (worn)
Jewellery
 w - an amulet of magic regeneration (around neck)
Scrolls
 g - a scroll of remove curse
 l - a scroll of immolation
 m - a scroll of fear
 n - a scroll of amnesia
 v - a scroll of enchant weapon
Potions
 d - a potion of might
 k - a potion of brilliance
Comestibles
 f - 7 rations
 o - 3 chunks of flesh


   Skills:
 + Level 4.4 Fighting
 + Level 4.6 Polearms
 + Level 1.3 Throwing
 + Level 5.0 Armour
 + Level 1.0 Dodging
 + Level 5.2 Shields


You had 5 spell levels left.
You didn't know any spells.

Dungeon Overview and Level Annotations

Branches:
Dungeon (4/15)
 Temple: D:4-7

Altars:
Gozag
Hepliaklqana


Innate Abilities, Weirdness & Mutations

You reflexively headbutt those who attack you in melee.
You have a pair of horns on your head.


Message History

Dscm's ghost whispers, "Death is liberation."
Dscm's ghost hits you but does no damage.
You are electrocuted!
* * * LOW HITPOINT WARNING * * *
You feel better. You block dscm's ghost's attack.
You hit dscm's ghost.
Dscm's ghost is almost destroyed.
Dscm's ghost screams, "I was like you once."
Dscm's ghost barely misses you. You furiously retaliate!
You headbutt dscm's ghost.
You destroy dscm's ghost!
Found a hazy altar of Hepliaklqana.
An iguana comes into view.
The iguana hisses angrily.
The iguana bites you.
* * * LOW HITPOINT WARNING * * *
You hit the iguana. You headbutt the iguana.
The iguana is lightly wounded.
The iguana bites you!
You die...

#####.## #.###.#.#
......## #.......#
#..... #####.### ..
#.... #.#
....#.#.############.#
.._..................#
....#.#.##############
. # #.# #@# #l# #.#
... ..# .... #..# #...


You could see an iguana.

Vanquished Creatures
  A scorpion (D:4)
  Crazy Yiuf (D:2)
  An orc wizard (D:4)
  A worker ant (D:3)
  The ghost of dscm the Shield-Bearer, a weakling OpFi (D:4)
  3 gnolls (D:4)
  5 adders
  2 oozes
  A worm (D:2)
  3 leopard geckos
  4 orcs (D:4)
  12 bats
  6 giant cockroaches
  5 goblins
  6 hobgoblins
  6 jackals
  A quokka (D:3)
  A ball python (D:1)
  3 frilled lizards
  5 kobolds
  3 rats
71 creatures vanquished.

Vanquished Creatures (others)
  A plant (D:3)
1 creature vanquished.

Grand Total: 72 creatures vanquished

Notes
Turn   | Place    | Note
-------+----------+-------------------------------------------
     0 | D:1      | Labyrinth the Minotaur Fighter began the quest for the Orb.
     0 | D:1      | Reached XP level 1. HP: 19/19 MP: 0/0
   182 | D:1      | Reached XP level 2. HP: 23/27 MP: 1/1
   426 | D:1      | Reached XP level 3. HP: 26/33 MP: 2/2
  1426 | D:2      | Found a runed door.
  1432 | D:2      | Noticed Crazy Yiuf
  1438 | D:2      | Killed Crazy Yiuf
  1438 | D:2      | Reached XP level 4. HP: 31/40 MP: 3/3
  1609 | D:2      | Found an opulent altar of Gozag.
  2584 | D:3      | Reached skill level 1 in Dodging
  2914 | D:3      | Reached XP level 5. HP: 34/47 MP: 4/4
  3033 | D:4      | Reached skill level 5 in Armour
  3053 | D:4      | Reached skill level 5 in Shields
  3102 | D:4      | Reached skill level 1 in Throwing
  3102 | D:4      | Reached XP level 6. HP: 31/53 MP: 5/5
  3273 | D:4      | Noticed dscm's ghost (weakling OpFi)
  3283 | D:4      | Killed dscm's ghost
  3296 | D:4      | Found a hazy altar of Hepliaklqana.
  3302 | D:4      | Slain by an iguana

Skill      XL: |  1  2  3  4  5 |
---------------+----------------+-----
Fighting       | 4 |  4.4
Armour         | 4 5 |  5.0
Shields        | 4 5 |  5.2
Polearms       | 3 4 |  4.6
Dodging        | 1 |  1.0
Throwing       | 1 |  1.3

Action                   |  1- 3 |  4- 6 || total
-------------------------+-------+-------++-------
Melee: Trident           |    84 |   132 ||   216
       Headbutt          |     6 |    17 ||    23
Throw: Stone             |       |     9 ||     9
  Use: Scroll            |       |     8 ||     8
       Potion            |       |     1 ||     1
  Eat: Ration            |     1 |       ||     1
       Chunk             |       |     4 ||     4
Armor: Scale mail        |    34 |    53 ||    87
Dodge: Dodged            |    29 |    29 ||    58
Block: Shield            |    53 |    66 ||   119
